 Dungeon Crawl Stone Soup version 0.22.1-2-g9c5b331 (webtiles) character file.

108 torvon the Skirmisher (level 4, -1/35 HPs)
             Began as a Demonspawn Abyssal Knight on Dec 25, 2018.
             Was a Believer of Lugonu.
             Slain by a slave (5 damage)
             ... led by Pikel
             ... on level 4 of the Dungeon.
             The game lasted 00:18:48 (3114 turns).

torvon the Skirmisher (Demonspawn Abyssal Knight)   Turns: 3114, Time: 00:18:48

Health: -1/35      AC:  5    Str: 13    XL:     4   Next: 58%
Magic:  5/6        EV: 11    Int: 13    God:    Lugonu [**....]
Gold:   139        SH:  0    Dex: 13    Spells: 3/3 levels left

rFire    . . .     SeeInvis +   a - +1 mace
rCold    + . .     Gourm    .   (no shield)
rNeg     . . .     Faith    .   b - +0 leather armour
rPois    .         Spirit   .   (no helmet)
rElec    .         Reflect  .   G - +0 cloak (curse)
rCorr    .         Harm     .   (no gloves)
MR       .....                  J - +0 pair of boots
Stlth    ++........             (no amulet)
HPRegen  0.11/turn              h - ring of stealth
MPRegen  0.10/turn              l - ring of see invisible

@: no status effects
A: claws 1, cold resistance 1
a: Depart the Abyss, Bend Space, Renounce Religion


You were on level 4 of the Dungeon.
You worshipped Lugonu.
Lugonu was pleased with you.
You were not hungry.

You visited 1 branch of the dungeon, and saw 4 of its levels.
You visited the Abyss 1 time.

You collected 139 gold pieces.

Inventory:

Hand Weapons
 a - a +1 mace (weapon)
 d - a +0 short sword
 j - a +0 club
 k - a +0 dagger
 n - a +0 short sword
 r - a +0 falchion of electrocution
 s - a +0 mace
 t - a +0 spear
 u - a +0 hand axe
 E - a +1 dagger of pain
 F - a +1 flail of holy wrath
Armour
 b - a +0 leather armour (worn)
 y - a +0 ring mail
 D - a scarf of repulsion
 G - a cursed +0 cloak (worn)
 H - a +0 leather armour
 I - a +0 scale mail
 J - a +0 pair of boots (worn)
Jewellery
 h - a ring of stealth (left claw)
 l - a ring of see invisible (right claw)
 B - an uncursed ring of fire
Scrolls
 e - 7 scrolls of identify {unknown}
 f - a scroll of fog {unknown}
 o - a scroll of immolation {unknown}
 p - a scroll of remove curse {unknown}
 q - 2 scrolls of magic mapping {unknown}
 w - a scroll of fear {unknown}
 A - 3 scrolls of teleportation {unknown}
 K - a scroll of enchant weapon {unknown}
Potions
 g - a potion of berserk rage {unknown}
 i - 2 potions of mutation {unknown}
 m - a potion of brilliance {unknown}
 v - a potion of ambrosia {unknown}
 x - a potion of might {unknown}
 z - a potion of cancellation {unknown}
 C - a potion of curing {unknown}
Comestibles
 c - 9 rations


   Skills:
 + Level 3.5 Fighting
 + Level 1.2 Long Blades
 + Level 3.0 Maces & Flails
 + Level 2.1 Armour
 + Level 1.3 Dodging
 + Level 0.3 Stealth
 + Level 2.7 Invocations


You had 3 spell levels left.
You didn't know any spells.
Your spell library was empty.

Dungeon Overview and Level Annotations

Branches:
Dungeon (4/15)
 Temple: D:4-7

Altars:
Fedhas
Okawaru
Ru
Uskayaw

Annotations:
D:4 Pikel


Innate Abilities, Weirdness & Mutations

You have sharp fingernails.
Your flesh is cold resistant. (rC+)


Message History

* * * LOW HITPOINT WARNING * * *
You hit the slave.
The slave is moderately wounded.
The slave hits you.
* * * LOW HITPOINT WARNING * * *
You barely miss Pikel.
Pikel is moderately wounded.
You completely miss Pikel.
Pikel is moderately wounded.
Pikel hits you but does no damage. Pikel hits you with a whip of freezing.
* * * LOW HITPOINT WARNING * * *
You hit Pikel.
Pikel is moderately wounded.
Pikel hits you with a whip of freezing.
* * * LOW HITPOINT WARNING * * *
Space bends around you!
You blink.
You hit the slave.
The slave is lightly wounded.
The slave hits you.
You die...

#..........#
#..........#
#..........#
#..........####
#.............#
##########....#
#....########
###..p(.Kp§...#
#...@pp######.#
#.#.......#
#..P♣P...PP.
#.PP♣♣PP♣♣P
#.♣♣ ♣♣♣♣ #. #


You could see Pikel and 4 slaves.

Vanquished Creatures
  3 gnolls (D:3)
  3 adders
  A leopard gecko (D:2)
  An orc (D:3)
  4 bats
  A giant cockroach (D:2)
  8 goblins
  3 hobgoblins
  4 jackals (D:2)
  A ball python (D:2)
  3 frilled lizards
  7 kobolds
  13 rats
52 creatures vanquished.

Notes
Turn   | Place    | Note
-------+----------+-------------------------------------------
     0 | Abyss:1  | torvon the Demonspawn Abyssal Knight began the quest for
                  | the Orb.
     0 | Abyss:1  | Reached XP level 1. HP: 18/18 MP: 2/2
    22 | D:1      | Escaped the Abyss
   340 | D:1      | Reached * piety under Lugonu
   340 | D:1      | Gained mutation: You have sharp fingernails. [demonic
                  | ancestry]
   340 | D:1      | Reached XP level 2. HP: 24/24 MP: 3/3
   798 | D:2      | Found an iron altar of Okawaru.
   935 | D:2      | Reached skill level 1 in Dodging
   975 | D:2      | Gained mutation: Your flesh is cold resistant. (rC+)
                  | [demonic ancestry]
   975 | D:2      | Reached XP level 3. HP: 27/29 MP: 5/5
  1065 | D:2      | Found a blossoming altar of Fedhas.
  1411 | D:2      | You fall through a shaft!
  1496 | D:3      | Reached ** piety under Lugonu
  1816 | D:3      | Reached XP level 4. HP: 20/35 MP: 6/6
  1894 | D:3      | Reached skill level 1 in Long Blades
  2488 | D:3      | Found a sacrificial altar of Ru.
  2490 | D:3      | Found a hide-covered altar of Uskayaw.
  3069 | D:4      | Noticed a slave
  3070 | D:4      | Noticed Pikel
  3071 | D:4      | Noticed a slave
  3073 | D:4      | Noticed a slave
  3073 | D:4      | Noticed a slave
  3114 | D:4      | Slain by a slave

Skill      XL: |  1  2  3  4 |
---------------+-------------+-----
Maces & Flails | 2 3 |  3.0
Dodging        | 1 |  1.3
Armour         | 2 |  2.1
Long Blades    | 1 |  1.2
Fighting       | |  3.5
Stealth        | |  0.3
Invocations    | |  2.7

Action                   |  1- 3 |  4- 6 || total
-------------------------+-------+-------++-------
Melee: Mace              |    76 |    37 ||   113
       Falchion          |    41 |     9 ||    50
Invok: Depart the Abyss  |     1 |       ||     1
       Bend Space        |       |     2 ||     2
 Stab: Sleeping          |     2 |       ||     2
  Eat: Ration            |     1 |     1 ||     2
Armor: Leather armour    |    42 |     7 ||    49
Dodge: Dodged            |    76 |    24 ||   100
       Deflected         |       |     1 ||     1
       Rpst.: Falchion   |     7 |     3 ||    10
